 Dungeon Crawl Stone Soup version 0.21-a0-201-g8501b10 (webtiles) character file.

102 tehllama the Insei (level 4, -3/28 HPs)
             Began as an Octopode Transmuter on Aug 17, 2017.
             Killed from afar by an orc wizard (10 damage)
             ... with a magic dart
             ... on level 4 of the Dungeon.
             The game lasted 00:03:17 (2020 turns).

tehllama the Insei (Octopode Transmuter)            Turns: 2020, Time: 00:03:17

Health: -3/28      AC:  1    Str: 10    XL:     4   Next: 77%
Magic:  7/7        EV: 13    Int: 15    God:
Gold:   171        SH:  0    Dex: 12    Spells: 6/7 levels left

rFire    . . .     SeeInvis .     - Unarmed
rCold    . . .     Gourm    .   (no shield)
rNeg     . . .     Faith    .   (helmet restricted)
rPois    .         Spirit   .   (no amulet)
rElec    .         Reflect  .   (no ring)
rCorr    .         Harm     .   (no ring)
MR       .....                  (no ring)
Stlth    +++.......             (no ring)
HPRegen  0.09/turn              (no ring)
MPRegen  0.10/turn              (no ring)
                                (no ring)
                                (no ring)

@: no status effects
A: almost no armour, stealthy swim, amphibious, 8 rings, constrict 8, camouflage
1, gelatinous body 1
a: no special abilities


You were on level 4 of the Dungeon.
You were not hungry.

You visited 1 branch of the dungeon, and saw 4 of its levels.

You collected 171 gold pieces.

Inventory:

Missiles
 a - 12 arrows
 o - 6 needles of frenzy
Scrolls
 j - a scroll of blinking {unknown}
 m - 3 scrolls of teleportation {unknown}
Potions
 i - 3 potions of heal wounds
 k - a potion of degeneration {unknown}
 l - a potion of mutation {unknown}
 p - a potion of resistance {unknown}
 q - 2 potions of haste
Books
 b - a book of Changes

   Spells                             Type                      Level
   a - Beastly Appendage              Transmutation                1
   b - Sticks to Snakes               Transmutation                2
   c - Spider Form                    Transmutation/Poison         3
   d - Ice Form                       Ice/Transmutation            4
   e - Blade Hands                    Transmutation                5
Comestibles
 c - a bread ration


   Skills:
 - Level 1.0 Fighting
 - Level 2.0 Dodging
 + Level 3.1 Stealth
 + Level 4.7 Unarmed Combat
 - Level 2.0 Spellcasting
 - Level 2.0 Transmutations


You had 6 spell levels left.
You knew the following spells:

 Your Spells              Type           Power        Failure   Level  Hunger
a - Beastly Appendage     Tmut           #.....       10%         1    #......


Dungeon Overview and Level Annotations

Branches:
Dungeon (4/15)
 Temple: D:4-7

Altars:
Okawaru

Annotations:
D:3 gressup's ghost, amateur HOSu


Innate Abilities, Weirdness & Mutations

You cannot wear most types of armour.
You are very stealthy in the water. (Stealth+)
You are amphibious.
You can wear up to eight rings at the same time.
You can use your tentacles to constrict eight enemies at once.
Your skin changes colour to match your surroundings (Stealth+).
Your rubbery body absorbs attacks. (AC +1, EV +1)


Message History

An orc wizard comes into view. It is wielding a dagger.
The orc priest shouts!
The orc wizard shouts!
The orc hits you with a trident.
You closely miss the orc priest. You grab the orc priest.
You constrict the orc priest.
The orc wizard gestures wildly while chanting.
The orc wizard seems to speed up.
The orc priest hits you but does no damage.
You tentacle-slap the orc priest. You squeeze the orc priest!
You kill the orc priest!
Your Stealth skill increases to level 3!
The orc hits you with a trident!
The orc wizard gestures at you while chanting.
The puff of frost hits you!
* * * LOW HITPOINT WARNING * * *
Your magical contamination has completely faded away.
You closely miss the orc. You grab the orc. You constrict the orc.
The orc wizard gestures at you while chanting.
The magic dart hits you!
You die...

. #.####.# #.#.####.#
##. .......#.## #..
#.........# #.#
#...##.#..# #o#
..........# #.#
##.###.##.# #.# #.
#..##.# #)## #.
#.###.# #@o##
#....###.######...####
....................+
....#####........####
##.# #.####..## #.#
#.## #.# #># #.# ..#
#.. ..#


You could see an orc wizard and an orc.

Vanquished Creatures
  An orc priest (D:4)
  2 adders (D:2)
  A worm (D:2)
  4 dart slugs
  3 leopard geckos (D:2)
  An orc (D:4)
  2 giant cockroaches
  4 goblins (D:1)
  2 hobgoblins (D:1)
  3 jackals (D:1)
  6 bats
  8 frilled lizards
  3 kobolds
  4 rats
44 creatures vanquished.

Notes
Turn   | Place    | Note
-------+----------+-------------------------------------------
     0 | D:1      | tehllama the Octopode Transmuter began the quest for the Orb.
     0 | D:1      | Reached XP level 1. HP: 13/13 MP: 3/3
   126 | D:1      | Reached XP level 2. HP: 5/18 MP: 5/5
   701 | D:1      | Reached skill level 4 in Unarmed Combat
   819 | D:1      | Reached XP level 3. HP: 23/23 MP: 6/6
  1146 | D:1      | Reached skill level 1 in Stealth
  1726 | D:2      | Found an iron altar of Okawaru.
  1823 | D:2      | Reached XP level 4. HP: 28/28 MP: 5/7
  1984 | D:3      | Noticed gressup's ghost (amateur HOSu)
  2020 | D:4      | Killed from afar by an orc wizard

Vault maps used:
D:1:      dpeg_arrival_pits
D:2:      lemuel_upstairs_altar, okawaru_ov_weapons_minmay
D:4:      fedhas_altar_2, minmay_temple_entry_butterflies, minmay_bisected

Skill      XL: |  1  2  3  4 |
---------------+-------------+-----
Unarmed Combat | 4 |  4.7
Stealth        | 2 3 |  3.1
Fighting       | |  1.0
Dodging        | |  2.0
Spellcasting   | |  2.0
Transmutations | |  2.0

Action                   |  1- 3 |  4- 6 || total
-------------------------+-------+-------++-------
Melee: Unarmed           |    93 |    10 ||   103
       Constrict         |    28 |     4 ||    32
       Tentacles         |    17 |     2 ||    19
       Kick              |     8 |     1 ||     9
 Cast: Beastly Appendage |    15 |     2 ||    17
  Use: Scroll            |       |     6 ||     6
 Stab: Sleeping          |     7 |     2 ||     9
  Eat: Chunk             |     3 |     1 ||     4
Armor: Skin              |     8 |       ||     8
Dodge: Dodged            |    77 |    11 ||    88
